 Dungeon Crawl Stone Soup version 0.31.0-11-ge490571c62 (webtiles) character file.

Game seed: 8931473376118599653

955 qw the Skirmisher (level 7, -19/40 HPs)
             Began as a Deep Elf Hunter on Feb 4, 2024.
             Demolished by an ogre
             ... wielding a +0 giant club
              (24 damage)
             ... on level 5 of the Dungeon.
             The game lasted 00:00:20 (2919 turns).

qw the Skirmisher (Deep Elf Hunter)                 Turns: 2919, Time: 00:00:20

Health: -19/40     AC:  6    Str: 13    XL:     7   Next: 91%
Magic:  9/9        EV: 17    Int: 14    God:
Gold:   172        SH:  0    Dex: 18    Spells: 6/6 levels left

rFire   + . .        a - +1 shortbow
rCold   . . .        (shield currently unavailable)
rNeg    . . .        f - +0 ring mail
rPois   .            g - +0 helmet
rElec   .            (no cloak)
rCorr   +            (no gloves)
SInv    .            (no boots)
Will    .....        (no amulet)
Stlth   +            i - ring "Lecrec" {rCorr EV+5 Str+3 Slay+2}
HPRegen 0.26/turn    o - ring of protection from fire
MPRegen 0.11/turn

%: no passive effects
@: no status effects
A: no striking features
a: no special abilities


You were on level 5 of the Dungeon.
You visited 2 branches of the dungeon, and saw 6 of its levels.

You collected 172 gold pieces.


   Skills:
 - Level 2.6 Fighting
 + Level 11.6 Ranged Weapons
 - Level 1.4 Armour
 - Level 4.1 Dodging
 - Level 1.2 Stealth


You had 6 spell levels left.
You didn't know any spells.
Your spell library was empty.

Inventory:

Hand Weapons
 a - a +1 shortbow (weapon)
Armour
 f - a +0 ring mail (worn)
 g - a +0 helmet (worn)
Jewellery
 i - the ring "Lecrec" (left hand) {rCorr EV+5 Str+3 Slay+2}
   (You found it on level 3 of the Dungeon)

   [ring of evasion]

   EV+5:      It affects your evasion (+5).
   Str+3:     It affects your strength (+3).
   Slay+2:    It affects your accuracy & damage with ranged weapons and melee
   (+2).
   rCorr:     It protects you from acid and corrosion.
 l - a ring of resist corrosion
 o - a ring of protection from fire (right hand)
Wands
 d - a wand of light (3)

Dungeon Overview and Level Annotations

Branches:
Dungeon (6/15)             Temple (1/1) D:5

Altars:
Ashenzari
Cheibriados
Elyvilon
Fedhas
Kikubaaqudgha
Makhleb
Nemelex Xobeh
Qazlal
Ru
Sif Muna
Trog
Uskayaw
Xom
Yredelemnul
Zin

Annotations:
D:2 1 runed translucent door, Crazy Yiuf


Message History

The ice beast misses you.
The gnoll hits you from afar with a +0 spear.
You shoot an arrow. The arrow hits the ice beast.
The ice beast is heavily wounded.
The ice beast hits you but does no damage.
The gnoll misses you.
You shoot an arrow. The arrow hits the ice beast.
The ice beast is heavily wounded.
The ice beast barely misses you. The gnoll misses you.
You shoot an arrow. The arrow hits the ice beast.
The ice beast is severely wounded.
The ice beast misses you. The gnoll barely misses you.
You shoot an arrow. The arrow hits the ice beast.
The ice beast is severely wounded.
The ice beast completely misses you. The gnoll closely misses you.
You shoot an arrow. The arrow hits the ice beast!
You kill the ice beast!
The gnoll closely misses you.
You shoot an arrow.
Reactivating autopickup.
You feel a bit more experienced. The gnoll closely misses you.
You shoot an arrow. The arrow closely misses the orc.
The arrow hits the ogre.
The ogre is lightly wounded.
The orc hits you with a +0 whip.
The gnoll hits you from afar with a +0 spear.
You shoot an arrow. The arrow hits the orc!
You kill the orc!
The gnoll hits you from afar with a +0 spear.
You shoot an arrow. The arrow hits the ogre!
The ogre is heavily wounded.
The ogre misses you. The gnoll misses you.
You shoot an arrow. The arrow closely misses the ogre.
The arrow misses the adder.
The gnoll hits you from afar with a +0 spear.
You shoot an arrow. The arrow barely misses the ogre.
The arrow hits the adder.
The adder is severely wounded.
The ogre hits you with a +0 giant club!!
Ouch! That really hurt!
You die...

..# ##.## ..... ...
########### ... #..........
#.# #.######### #.#
#.#........ #.# #.#........
#@# #.#........
.#########O## ###%.........
.......))gSf###.....##.####
......%.$..................
.#..)...##..##.....¤.¤.#.#
#.####.###....###..>¤.#.# .
#.# ####.###.¤.....# #.#
#............%..
#g###.##...##....#.#


You could see an ogre, a sleepcap, a gnoll and an adder.

Vanquished Creatures
  A hornet (D:5)
  An ice beast (D:5)
  2 ogres
  A phantom (D:5)
  A scorpion (D:5)
  An orc priest (D:5)
  4 orc wizards
  Robin (D:2)
  7 gnolls
  6 adders
  A ribbon worm (D:5)
  3 dart slugs
  15 orcs
  2 bats
  3 endoplasms
  A giant cockroach (D:1)
  8 goblins
  10 hobgoblins
  4 jackals (D:2)
  2 quokkas (D:1)
  4 ball pythons
  2 frilled lizards
  A kobold (D:2)
  3 rats (D:2)
84 creatures vanquished.

Vanquished Creatures (others)
  An orc wizard (D:3)
1 creature vanquished.

Grand Total: 85 creatures vanquished

Notes
Turn   | Place    | Note
-------+----------+-------------------------------------------
     0 | D:1      | qw the Deep Elf Hunter began the quest for the Orb.
     0 | D:1      | Reached XP level 1. HP: 12/12 MP: 3/3
     0 | D:1      | 0 ||| qw: Version: 0.3-a-160-g6735b56
     0 | D:1      | 0 ||| qw: Game counter: 4983
     0 | D:1      | 0 ||| qw: Melee chars always use a shield: true
     0 | D:1      | 0 ||| qw: God list: Okawaru
     0 | D:1      | 0 ||| qw: Allow faded altars: false
     0 | D:1      | 0 ||| qw: Do Orc after clearing Dungeon:15 true
     0 | D:1      | 0 ||| qw: Do second Lair branch before Depths: true
     0 | D:1      | 0 ||| qw: Lair rune preference: random
     0 | D:1      | 0 ||| qw: Goals: Normal
     0 | D:1      | 0 ||| PLANNING D:1-11
   104 | D:1      | HP: 3/12 [quokka (2)]
   160 | D:1      | Found a faded altar of an unknown god.
   307 | D:1      | Reached XP level 2. HP: 16/16 MP: 4/4
   312 | D:1      | Reached skill level 6 in Ranged Weapons
   752 | D:1      | 752 ||| DROPPING +6 ring of intelligence.
   753 | D:1      | 753 ||| READING scroll labelled ASOZYA KEGUS.
   754 | D:1      | 754 ||| READING scroll labelled MERYNG PYMIC.
   759 | D:1      | 759 ||| READING scroll labelled OFFALEFANT.
   759 | D:1      | 759 ||| ENCHANTING +0 shortbow.
   760 | D:1      | 760 ||| DROPPING scroll of butterflies.
   823 | D:2      | Reached XP level 3. HP: 20/20 MP: 5/5
   926 | D:2      | Reached skill level 7 in Ranged Weapons
   940 | D:2      | Reached XP level 4. HP: 12/25 MP: 6/6
   940 | D:2      | 940 ||| FLEEEEING.
   941 | D:2      | 941 ||| FLEEEEING.
   942 | D:2      | 942 ||| FLEEEEING.
   943 | D:2      | 943 ||| FLEEEEING.
   944 | D:2      | 944 ||| FLEEEEING.
   945 | D:2      | 945 ||| FLEEEEING.
   946 | D:2      | 946 ||| FLEEEEING.
   947 | D:2      | 947 ||| FLEEEEING.
   948 | D:2      | 948 ||| FLEEEEING.
   949 | D:2      | 949 ||| FLEEEEING.
   950 | D:2      | 950 ||| FLEEEEING.
   951 | D:2      | 951 ||| FLEEEEING.
   952 | D:2      | 952 ||| FLEEEEING.
   953 | D:2      | 953 ||| FLEEEEING.
   954 | D:2      | 954 ||| FLEEEEING.
   955 | D:2      | 955 ||| FLEEEEING.
   956 | D:2      | 956 ||| FLEEEEING.
   957 | D:2      | 957 ||| FLEEEEING.
   958 | D:2      | 958 ||| FLEEEEING.
   959 | D:2      | 959 ||| FLEEEEING.
   960 | D:2      | 960 ||| FLEEEEING.
   961 | D:2      | 961 ||| FLEEEEING.
   962 | D:2      | 962 ||| FLEEEEING.
   963 | D:2      | 963 ||| FLEEEEING.
   964 | D:2      | 964 ||| FLEEEEING.
   965 | D:2      | 965 ||| FLEEEEING.
   966 | D:2      | 966 ||| FLEEEEING.
   967 | D:2      | 967 ||| FLEEEEING.
   968 | D:2      | 968 ||| FLEEEEING.
   969 | D:2      | 969 ||| FLEEEEING.
   970 | D:2      | 970 ||| FLEEEEING.
   971 | D:2      | 971 ||| FLEEEEING.
   972 | D:2      | 972 ||| FLEEEEING.
   973 | D:2      | 973 ||| FLEEEEING.
   974 | D:2      | 974 ||| FLEEEEING.
   975 | D:2      | 975 ||| FLEEEEING.
   976 | D:2      | 976 ||| FLEEEEING.
  1035 | D:2      | Noticed Robin
  1071 | D:2      | Killed Robin
  1072 | D:2      | Reached skill level 8 in Ranged Weapons
  1602 | D:2      | Found a runed translucent door.
  1603 | D:2      | Noticed Crazy Yiuf
  1606 | D:2      | 1606 ||| UPGRADING to +0 helmet.
  1611 | D:2      | 1611 ||| READING scroll labelled MANAOM SEXOP.
  1712 | D:2      | 1712 ||| DRINKING 2 grey potions.
  1713 | D:2      | 1713 ||| DROPPING potion of attraction.
  1751 | D:3      | 1751 ||| STAIRDANCE
  1771 | D:3      | 1771 ||| STAIRDANCE
  1828 | D:3      | 1828 ||| STAIRDANCE
  1837 | D:3      | 1837 ||| STAIRDANCE
  1887 | D:3      | Reached XP level 5. HP: 29/29 MP: 7/7
  1888 | D:3      | Identified the ring "Lecrec" {rCorr EV+5 Str+3 Slay+2}
  2452 | D:3      | 2452 ||| DRINKING clear potion.
  2453 | D:3      | 2453 ||| DRINKING brown potion.
  2454 | D:3      | Reached skill level 9 in Ranged Weapons
  2454 | D:3      | 2454 ||| DRINKING golden potion.
  2455 | D:3      | 2455 ||| DRINKING fuming inky potion.
  2459 | D:3      | Reached skill level 3 in Dodging
  2506 | D:3      | You fall into a shaft and drop 3 floors!
  2521 | D:6      | Noticed an ogre
  2524 | D:6      | 2524 ||| ZAPPING wand of light (12) at 0,-5 (ogre; floor).
  2525 | D:6      | 2525 ||| ZAPPING wand of light (11) at 0,-4 (ogre; floor).
  2525 | D:6      | Killed an ogre
  2526 | D:6      | Reached XP level 6. HP: 36/36 MP: 8/8
  2600 | D:6      | 2600 ||| UPGRADING to +0 ring mail.
  2610 | D:6      | 2610 ||| DROPPING +0 leather armour.
  2611 | D:6      | 2611 ||| DROPPING ring of fire.
  2612 | D:6      | 2612 ||| UPGRADING to ring "Lecrec" {rCorr EV+5 Str+3
                  | Slay+2}.
  2613 | D:6      | 2613 ||| UPGRADING to ring of protection from fire.
  2614 | D:6      | 2614 ||| READING scroll labelled ESOXUPS FONYTZ.
  2615 | D:6      | 2615 ||| READING scroll labelled EMUTUCV HEIKLO.
  2615 | D:6      | 2615 ||| IDENTIFYING scroll labelled WYONGI NIAPH
  2616 | D:6      | 2616 ||| DROPPING scroll of poison.
  2624 | D:5      | Entered Level 5 of the Dungeon
  2660 | D:5      | Found a staircase to the Ecumenical Temple.
  2661 | D:5      | 2661 ||| PLANNING TEMPLE
  2661 | D:5      | Noticed a hornet
  2663 | D:5      | 2663 ||| ZAPPING wand of light (10) at -1,4 (hornet;
                  | floor).
  2664 | D:5      | 2664 ||| ZAPPING wand of light (9) at -1,3 (hornet; floor).
  2665 | D:5      | 2665 ||| ZAPPING wand of light (8) at -2,5 (hornet; floor).
  2666 | D:5      | 2666 ||| ZAPPING wand of light (7) at -1,4 (hornet; floor).
  2667 | D:5      | 2667 ||| ZAPPING wand of light (6) at 0,2 (hornet; floor).
  2668 | D:5      | 2668 ||| ZAPPING wand of light (5) at 0,3 (hornet; floor).
  2669 | D:5      | 2669 ||| ZAPPING wand of light (4) at 0,1 (hornet; floor).
  2669 | D:5      | Killed a hornet
  2670 | D:5      | Reached skill level 10 in Ranged Weapons
  2670 | D:5      | Reached XP level 7. HP: 40/40 MP: 9/9
  2676 | Temple   | Entered the Ecumenical Temple
  2677 | Temple   | 2677 ||| PLANNING D:1-11
  2715 | D:5      | Reached skill level 1 in Armour
  2733 | D:5      | Reached skill level 11 in Ranged Weapons
  2886 | D:5      | 2886 ||| RETREEEEATING.
  2890 | D:5      | 2890 ||| RETREEEEATING.
  2891 | D:5      | 2891 ||| RETREEEEATING.
  2901 | D:5      | 2901 ||| RETREEEEATING.
  2915 | D:5      | HP: 9/40 [gnoll/+0 spear (2)]
  2919 | D:5      | Demolished by an ogre

Levels and vault maps discovered:
D:1:      wheals_arrival_linesprint, layout_basic,
          hellmonk_ecumenical_altar_arch_garden
D:2:      layout_loops_cross, minmay_distorted, uniq_robin,
          uniq_crazy_yiuf_cottage
D:3:      minmay_angry_zag, layout_loops_ring, nicolae_underground_beach
D:5:      layout_basic, minmay_temple_entry_purple_smoke
D:6:      layout_basic
Temple:   hellmonk_temple_of_storms

Skill      XL: |  1  2  3  4  5  6  7 |
---------------+----------------------+-----
Ranged Weapons | 6 7 8 9 10 11 | 11.6
Dodging        | 3 4 |  4.1
Fighting       | 2 |  2.6
Armour         | 1 |  1.4
Stealth        | |  1.2

Action                     |  1- 3 |  4- 6 |  7- 9 || total
---------------------------+-------+-------+-------++-------
   Fire: Shortbow          |    77 |   131 |    80 ||   288
  Evoke: Wand              |       |     9 |       ||     9
    Use: Scroll            |     3 |     3 |       ||     6
         Potion            |       |     5 |       ||     5
 Armour: Leather armour    |    12 |    54 |       ||    66
         Ring mail         |       |       |    33 ||    33
  Dodge: Dodged            |    29 |    43 |    38 ||   110

Table legend:
 A = Non-vault XP
 B = Vault XP
 C = Vault XP percentage of total XP
 D = Non-vault monster count
 E = Vault monster count
 F = Vault count percentage of total count
                 A         B        C        D         E       F
            +---------+---------+-------+---------+---------+-------
      Total |    1312 |      53 |   3.9 |      69 |      16 |  18.8
            +---------+---------+-------+---------+---------+-------
        D:1 |      24 |       0 |   0.0 |      10 |       0 |   0.0
        D:2 |     106 |      50 |  32.1 |      23 |      14 |  37.8
        D:3 |     152 |       3 |   1.9 |      15 |       2 |  11.8
        D:5 |     908 |       0 |   0.0 |      20 |       0 |   0.0
        D:6 |     122 |       0 |   0.0 |       1 |       0 |   0.0
            +---------+---------+-------+---------+---------+-------
